 Dungeon Crawl Stone Soup version 0.30.1-4-g462c640d31 (webtiles) character file.

Game seed: 13278602637247441981

14 Peloso the Covered (level 2, 27/27 HPs)
             Began as a Minotaur Fighter on Aug 18, 2023.
             Got out of the dungeon alive.
             The game lasted 00:00:55 (916 turns).

Peloso the Covered (Minotaur Fighter)                Turns: 916, Time: 00:00:56

Health: 27/27      AC:  9    Str: 19    XL:     2   Next: 27%
Magic:  0/0        EV:  9    Int:  9    God:
Gold:   58         SH:  4    Dex:  8    Spells: 1/1 levels left

rFire   . . .        a - +1 long sword
rCold   . . .        d - +0 buckler
rNeg    . . .        b - +0 scale mail
rPois   .            (helmet unavailable)
rElec   .            (no cloak)
rCorr   .            (no gloves)
SInv    .            c - +1 pair of boots
Will    .....        (no amulet) Stlth
                     (no ring)
HPRegen 0.24/turn    (no ring)
MPRegen 0.07/turn

%: no passive effects
@: no status effects
A: horns 3, retaliatory headbutt, clever 1, low MP 1
a: no special abilities


You escaped.
You visited 1 branch of the dungeon, and saw 1 of its levels.

You collected 58 gold pieces.

Inventory:

Hand Weapons
 a - a +1 long sword (weapon)
Armour
 b - a +0 scale mail (worn)
 c - a +1 pair of boots (worn)
 d - a +0 buckler (worn)
Scrolls
 e - 2 scrolls of poison
Potions
 h - a potion of might
 i - a potion of heal wounds {unknown}
 j - a potion of haste {unknown}


   Skills:
 + Level 3.9 Fighting
 + Level 2.6 Long Blades
 + Level 4.0 Armour
 + Level 3.8 Shields


You had one spell level left.
You didn't know any spells.
Your spell library was empty.

Dungeon Overview and Level Annotations

Branches:
Dungeon (1/15)

Altars:


Innate Abilities, Weirdness & Mutations

You have a pair of large horns on your head.
You reflexively headbutt those who attack you in melee.
Your mind is acute. (Int +4, Str/Dex -1)
Your magical capacity is low. (-10% MP)


Message History

a +0 short sword; 3 stones; a kobold corpse
Things that are here:
a +0 short sword; 3 stones; a kobold corpse
i - a pink potion
j - a lumpy amethyst potion
There is a faded altar of an unknown god here.
e - 3 scrolls labelled KIFAEZE COFENN (gained 2) As you open the door, it creaks loudly!
There is an open door here.
There is an open door here.
You see here a +0 robe.
There is an open door here.
There is an open door here.
Done exploring.
Done exploring.
Done exploring.
Done exploring.
Done exploring.
The air fills with toxic fumes!
As you read the scroll labelled KIFAEZE COFENN, it crumbles to dust.
It was a scroll of poison.
You start waiting.
Done waiting.
You start waiting.
Done waiting.
You start waiting.
Done waiting.
As you read the scroll labelled LIERI ROEKAZA, it crumbles to dust.
It is a scroll of enchant weapon.
Your +0 long sword glows red for a moment.
It was a potion of mutation.
You feel extremely strange.
You feel clever.
You feel less energetic. The horns on your head grow some more.
(D) Dungeon
Where to? (? - help)
What level of the Dungeon? (default 1, ? - help)
There is an open door here.
There is a staircase leading out of the dungeon here.
Are you sure you want to leave the Dungeon?
This will make you lose the game!
You have escaped!

#.### #.##. #...# #)##.
###...### ####### #....
##.......# #.....# ####.
#..##.##.# #.....##### #.
#.#############......###.
#.'...≈≈≈≈~...'..##...##.
####..#####..##...#......
#..♣♣P@P♣♣..#.#.#...###
##..♣♣.♣♣..####.##.##
♣.........♣#......# ###
♣.♣.~~~)♣.♣###.##.# ..#
♣..~≈8≈~..♣##...#.# #.#
♣.♣.~~~.♣.♣#......# # #.#
♣.........♣##...### #
#.##########..♣♣.♣♣..####.##
# #.........#..♣♣P>P♣♣..#
### #


There were no monsters in sight!

Vanquished Creatures
  An endoplasm (D:1)
  3 goblins (D:1)
  A hobgoblin (D:1)
  2 jackals (D:1)
  A kobold (D:1)
  A bat (D:1)
  A frilled lizard (D:1)
  2 rats (D:1)
12 creatures vanquished.

Notes
Turn   | Place    | Note
-------+----------+-------------------------------------------
     0 | D:1      | Peloso the Minotaur Fighter began the quest for the Orb.
     0 | D:1      | Reached XP level 1. HP: 19/19 MP: 0/0
   237 | D:1      | Reached XP level 2. HP: 26/27 MP: 1/1
   339 | D:1      | Found a faded altar of an unknown god.
   360 | D:1      | Reached skill level 4 in Armour
   898 | D:1      | Gained mutation: Your mind is acute. (Int +4, Str/Dex -1)
                  | [potion of mutation]
   898 | D:1      | Gained mutation: Your magical capacity is low. (-10% MP)
                  | [potion of mutation]
   898 | D:1      | Gained mutation: You have a pair of large horns on your
                  | head. [potion of mutation]
   916 | D:$      | Got out of the dungeon alive.

Illustrated notes

Levels and vault maps discovered:
D:1:      tarquinn_simple_flora_water_b, layout_loops_cross,
          basic_ecumenical_altar, minmay_misc_feat_secret_circle

Skill      XL: |  1  2 |
---------------+-------+-----
Armour         | 4 |  4.0
Fighting       | |  3.9
Long Blades    | |  2.6
Shields        | |  3.8

Action                     || total
---------------------------++-------
  Melee: Long sword        ||    28
         Headbutt          ||     1
    Use: Scroll            ||     2
         Potion            ||     1
 Armour: Scale mail        ||    17
  Dodge: Dodged            ||    12
  Block: Buckler           ||     9
